 Dungeon Crawl Stone Soup version 0.30.0-29-ga12c61a403 (console) character file.

Game seed: 2710564085565785186

8624 Banquo the Thaumaturge (level 11, -1/57 HPs)
             Began as a Deep Elf Fire Elementalist on June 8, 2023.
             Was a Follower of Vehumet.
             Shot with an arrow by a centaur warrior (3 damage)
             ... on level 9 of the Dungeon on June 9, 2023.
             The game lasted 00:59:36 (12455 turns).

Banquo the Thaumaturge (DEFE)                      Turns: 12455, Time: 00:59:36

Health: -1/57      AC:  5    Str:  5    XL:     11   Next: 12%
Magic:  11/28      EV: 17    Int: 25    God:    Vehumet [*.....]
Gold:   621        SH:  9    Dex: 18    Spells: 11/33 levels left

rFire   + + +        b - staff of fire
rCold   + . .        i - +3 buckler
rNeg    . . .        d - +1 robe {rC+ rF+}
rPois   +            h - +2 hat
rElec   .            (no cloak)
rCorr   .            (no gloves)
SInv    .            (no boots)
Will    +....        S - amulet of magic regeneration
Stlth   ++           J - ring of Zasicoen {rPois rC+ Dex+3}
HPRegen 0.29/turn    u - ring of fire
MPRegen 0.61/turn

%: no passive effects
@: no status effects
A: no striking features
a: Renounce Religion


You were on level 9 of the Dungeon.
You worshipped Vehumet.
Vehumet was aware of your devotion.
You visited 2 branches of the dungeon, and saw 10 of its levels.
You also visited: Sewer.

You collected 621 gold pieces.

Inventory:

Hand Weapons
 a - a +3 dagger of venom
 e - a +4 spear
 r - a +3 trident
 v - a +2 spear of venom
 D - a +2 long sword of electrocution
 E - a +0 whip of electrocution
 Q - a +3 dagger of draining
Missiles
 k - a throwing net
 p - 8 poisoned darts
Armour
 d - a +1 robe of resistance (worn)
 h - a +2 hat (worn)
 i - a +3 buckler (worn)
 t - +0 steam dragon scales
 H - a +2 robe of willpower
Magical Staves
 b - a staff of fire (weapon)
Jewellery
 u - a ring of fire (right hand)
 C - a ring of protection from cold
 J - the ring of Zasicoen (left hand) {rPois rC+ Dex+3}
   (You found it on level 6 of the Dungeon)

   [ring of poison resistance]

   Dex:       It affects your dexterity (+3).
   rC:        It protects you from cold.
   rPois:     It protects you from poison.
 K - a ring of willpower
 S - an amulet of magic regeneration (around neck)
Wands
 G - a wand of mindburst (10)
Scrolls
 l - a scroll of enchant weapon
 q - 2 scrolls of teleportation
 w - 2 scrolls of fear
 y - 4 scrolls of enchant armour
 L - a scroll of fog
 T - a scroll of brand weapon
Potions
 c - 3 potions of degeneration {unknown}
 f - a potion of magic
 g - 3 potions of lignification
 j - 2 potions of berserk rage
 m - 5 potions of heal wounds
 n - 7 potions of curing {unknown}
 o - 5 potions of haste
 s - a potion of invisibility
 z - 3 potions of might {unknown}
 B - 3 potions of flight {unknown}
 M - a potion of mutation {unknown}
 O - a potion of ambrosia


   Skills:
 * Level 1.8 Fighting
 * Level 10.3 Dodging
 - Level 2.4 Stealth
 - Level 5.1 Shields
 + Level 11.7 Spellcasting
 * Level 6.0 Conjurations
 * Level 8.0 Fire Magic
 * Level 8.3 Air Magic


You had 11 spell levels left.
You knew the following spells:

 Your Spells              Type           Power      Damage    Failure   Level
a - Airstrike             Air            27%        2d(4-20)  2%          4
b - Volatile Blastmotes   Fire/Tloc      100%       2d18      4%          3
c - Scorch                Fire           100%       2d9       1%          2
d - Shock                 Conj/Air       100%       1d9       1%          1
s - Sticky Flame          Conj/Fire      85%        2d10      3%          4
w - Flame Wave            Conj/Fire      85%        2d18      3%          4
z - Foxfire               Conj/Fire      100%       2x1d9     1%          1
M - Swiftness             Air            54%        N/A       1%          3

Your spell library contained the following spells:

 Spells                   Type           Power      Damage    Failure   Level
 Kiss of Death            Conj/Necr      100%       2d13      1%          1
 Inner Flame              Hex/Fire       68%        N/A       4%          3
 Stone Arrow              Conj/Erth      58%        3d10      6%          3
 Slow                     Hex            56%        N/A       7%          1
 Sublimation of Blood     Necr           14%        N/A       11%         2
 Confusing Touch          Hex            14%        N/A       21%         3
 Vampiric Draining        Necr           14%        2d7       21%         3
 Irradiate                Conj/Tmut      14%        3d16      50%         5
 Animate Armour           Summ/Erth      28%        N/A       56%         4
 Petrify                  Tmut/Erth      14%        N/A       56%         4
 Lehudib's Crystal Spear  Conj/Erth      14%        10d5      100%        8


Dungeon Overview and Level Annotations

Branches:
Dungeon (9/15)             Temple (1/1) D:7           Sewer (visited)
   Lair: D:8-11         Orc: D:9-12

Altars:
Ashenzari
Cheibriados
Fedhas
Gozag
Hepliaklqana
Kikubaaqudgha
Makhleb
Nemelex Xobeh
Okawaru
Qazlal
Ru
Sif Muna
Uskayaw
Vehumet
Wu Jian
Xom
Yredelemnul
Zin
The Shining One

Shops:
D:8 =

Annotations:
D:5 2 transporters, dertzug's ghost, novice MfBe


Message History

The air twists around and strikes the centaur warrior!!
The centaur warrior is heavily wounded.
The centaur warrior drinks a potion.
The centaur warrior seems to speed up.
An orc warrior comes into view. It is wielding a +0 flail.
The centaur warrior attacks as you move away!
You block the centaur warrior's attack.
The centaur warrior completely misses you.
The centaur warrior hits you. The centaur warrior barely misses you.
Casting: Airstrike (dangerous; 2% risk of failure)
Confirm with . or Enter, or press ? or * to list all spells.
Aiming: Sticky Flame (dangerous; 3% risk of failure)
Press: ? - help, Shift-Dir - straight line, f/p - centaur warrior
Aim: a centaur warrior (heavily wounded, fast)
You feel a strong surge of power!
The sticky flame hits the centaur warrior.
The centaur warrior is heavily wounded.
The centaur warrior is covered in liquid flames!
The centaur warrior burns!
You block the centaur warrior's attack.
The centaur warrior kicks you but does no damage.
The centaur warrior barely misses you. You block the centaur warrior's attack.
The centaur warrior hits you. The centaur warrior barely misses you.
The centaur warrior burns!
The centaur warrior wields a +1 longbow of freezing.
It is covered in frost.
The centaur warrior shoots an arrow.
The arrow hits you!
The centaur warrior shoots an arrow.
The arrow hits you!! The arrow freezes you.
The centaur warrior shoots an arrow.
The arrow barely misses you.
You hear a shout!
Casting: Sticky Flame (dangerous; 3% risk of failure)
Confirm with . or Enter, or press ? or * to list all spells.
Aiming: Airstrike (dangerous; 2% risk of failure)
Press: ? - help, Dir - move target, f/p - centaur warrior
Aim: a centaur warrior, wielding a +1 longbow of freezing (severely wounded, fast, covered in liquid flames, empty space bonus: 5/8)
The air twists around and strikes the centaur warrior.
The centaur warrior is severely wounded.
The centaur warrior burns!
The centaur warrior shoots an arrow.
The arrow hits you!!
* * * LOW HITPOINT WARNING * * *
The arrow freezes you.
You die...

#...##.#.###..#..###.#
#...##.##.#.#...#.#.#
#...## #...#.#...#
#Q..# #.#..#..#.#
#...# #...#.#...# #
#...# #.#.#...#.#.##.#
....#
#.###..#..###.#.#
...#..# ##...###...#
...# #.###@#.#..# ...#
..##.##...#.# ...#
...##...##c..# ..#. ##
#..#### ..##. ###.o#
..# #. #...# .#### c†
...


You could see a centaur warrior (fast, burning).

Vanquished Creatures
  A two-headed ogre (D:9)
  Joseph (D:7)
  A tengu conjurer (D:9)
  A troll (D:8)
  A hornet (D:8)
  A slime creature (D:9)
  A wyvern (D:9)
  A yak (D:9)
  2 steam dragons
  A water moccasin (D:7)
  2 black bears
  3 orc warriors
  A sky beast (D:8)
  3 ice beasts
  2 ogres
  9 centaurs
  2 phantoms
  A kobold brigand (D:9)
  4 bullfrogs
  4 scorpions
  2 gnoll sergeants
  5 jellies
  3 wights (D:9)
  5 killer bees (D:5)
  3 howler monkeys
  2 hounds
  A gnoll bouda (D:5)
  2 orc priests
  2 sleepcaps
  3 iguanas
  11 orc wizards
  13 gnolls
  10 adders
  7 river rats (Sewer)
  A shadow imp (D:6)
  A white imp (D:6)
  2 ufetubi
  3 worms
  A dart slug (D:3)
  36 orcs
  2 bats
  7 endoplasms
  4 giant cockroaches
  5 goblins
  7 hobgoblins
  2 jackals (D:1)
  9 kobolds
  7 quokkas
  9 ball pythons
  9 frilled lizards
  33 rats
249 creatures vanquished.

Vanquished Creatures (others)
  An orc wizard (D:7)
  373 foxfires
374 creatures vanquished.

Grand Total: 623 creatures vanquished

Notes
Turn   | Place    | Note
-------+----------+-------------------------------------------
     0 | D:1      | Banquo the Deep Elf Fire Elementalist began the quest for
                  | the Orb.
     0 | D:1      | Reached XP level 1. HP: 10/10 MP: 6/6
   534 | D:1      | Reached XP level 2. HP: 15/15 MP: 5/8
   537 | D:1      | Learned a level 2 spell: Scorch
  1100 | D:1      | Found a faded altar of an unknown god.
  1236 | D:1      | Reached XP level 3. HP: 19/19 MP: 7/9
  1240 | D:1      | Learned a level 3 spell: Volatile Blastmotes
  3067 | D:3      | Noticed a phantom
  3075 | D:3      | Killed a phantom
  3076 | D:3      | Reached skill level 4 in Spellcasting
  3076 | D:3      | Reached XP level 4. HP: 24/24 MP: 7/12
  3157 | D:3      | Reached XP level 5. HP: 28/28 MP: 9/13
  3262 | D:3      | Reached skill level 5 in Fire Magic
  4032 | D:4      | Noticed an ogre
  4198 | D:4      | Noticed an orc warrior
  4230 | D:3      | Learned a level 4 spell: Sticky Flame
  4343 | D:4      | Killed an ogre
  4412 | D:4      | Reached skill level 1 in Shields
  4412 | D:4      | Reached skill level 5 in Spellcasting
  4412 | D:4      | Reached XP level 6. HP: 32/32 MP: 7/15
  5313 | D:4      | Killed an orc warrior
  5460 | D:4      | Learned a level 1 spell: Shock
  5498 | D:5      | Entered Level 5 of the Dungeon
  5503 | D:5      | Reached XP level 7. HP: 36/36 MP: 10/17
  5583 | D:5      | Reached skill level 6 in Spellcasting
  5649 | D:5      | Found a transporter.
  5650 | D:5      | Found a transporter.
  5677 | D:5      | Noticed dertzug's ghost (novice MfBe)
  5906 | D:5      | Reached XP level 8. HP: 41/41 MP: 2/20
  5907 | D:5      | Reached skill level 7 in Spellcasting
  6313 | D:4      | Learned a level 4 spell: Flame Wave
  6871 | D:5      | Found a transporter.
  6872 | D:5      | Found a transporter.
  7014 | D:6      | Reached skill level 5 in Dodging
  7035 | D:6      | Reached skill level 1 in Air Magic
  7125 | D:6      | Identified the ring of Zasicoen {rPois rC+ Dex+3}
  7368 | D:6      | Found a glowing drain.
  7472 | Sewer    | Entered a sewer
  7511 | Sewer    | Reached skill level 5 in Conjurations
  7922 | Sewer    | Reached skill level 8 in Spellcasting
  8778 | D:6      | Reached XP level 9. HP: 45/45 MP: 14/23
  9153 | D:7      | Reached skill level 5 in Shields
  9153 | D:7      | Reached skill level 10 in Spellcasting
  9153 | D:7      | Reached XP level 10. HP: 50/50 MP: 23/26
  9217 | D:7      | Found a staircase to the Ecumenical Temple.
  9227 | Temple   | Entered the Ecumenical Temple
  9445 | Temple   | Became a worshipper of Vehumet
  9465 | Temple   | Learned a level 4 spell: Airstrike
 10132 | D:7      | Noticed Joseph
 10152 | D:7      | Killed Joseph
 10153 | D:7      | Reached skill level 10 in Dodging
 10153 | D:7      | Reached skill level 11 in Spellcasting
 10558 | D:8      | Reached skill level 1 in Fighting
 10638 | D:8      | Reached * piety under Vehumet
 10638 | D:8      | Offered knowledge of Kiss of Death by Vehumet.
 10746 | D:8      | Found a blossoming altar of Fedhas.
 10885 | D:8      | Found Irui's Jewellery Emporium.
 11394 | D:8      | Learned a level 3 spell: Swiftness
 11976 | D:9      | Noticed a two-headed ogre
 12080 | D:9      | Killed a two-headed ogre
 12113 | D:9      | Reached XP level 11. HP: 50/56 MP: 20/28
 12448 | D:9      | Noticed a centaur warrior
 12455 | D:9      | HP: 2/57 [centaur warrior/arrow (21)]
 12455 | D:9      | Shot with an arrow by a centaur warrior

Illustrated notes

Levels and vault maps discovered:
D:1:      dpeg_arrival_rhombi, layout_loops_ring,
          ebering_ecumenical_altar_petrified, chequers_serial_rivers_small_b
D:2:      layout_basic
D:3:      layout_basic
D:4:      layout_gridville, minmay_rat_hole
D:5:      layout_basic, gammafunk_ghost_smash, st_stairs_10
D:6:      layout_loops_ring, gup_sewer_entry_pipe, grunt_ministairs_4
D:7:      layout_cave_pods, minmay_temple_entry_statues_fountains,
          chequers_serial_rivers_small_a, uniq_joseph
D:8:      layout_rooms, fedhas_bush_and_centaur_altar, serial_shops,
          nicolae_shop_statue_plus
D:9:      minmay_ornate_pinched, layout_basic, serial_rivers,
          chequers_serial_rivers_micro_a, chequers_serial_rivers_micro_e,
          chequers_serial_rivers_room_a, chequers_serial_rivers_micro_b,
          minmay_fountain_box, wad_mini_maze
Temple:   eino_narrow_crystal_temple

Skill      XL: |  1  2  3  4  5  6  7  8  9 10 11 |
---------------+----------------------------------+-----
Fire Magic     | 4 5 6 7 8 |  8.0
Conjurations   | 2 3 4 5 6 |  6.0
Dodging        | 3 4 5 9 10 | 10.3
Spellcasting   | 4 5 6 8 10 11 | 11.7
Shields        | 1 2 3 5 |  5.1
Air Magic      | 1 6 8 |  8.3
Fighting       | 1 |  1.8
Stealth        | |  2.4

Action                     |  1- 3 |  4- 6 |  7- 9 | 10-12 || total
---------------------------+-------+-------+-------+-------++-------
  Melee: Staff             |       |     1 |     1 |       ||     2
   Cast: Foxfire           |    47 |    56 |   101 |    15 ||   219
         Scorch            |    24 |    28 |    70 |     6 ||   128
         Shock             |       |       |    13 |       ||    13
         Volatile Blastmot |       |       |     3 |    23 ||    26
         Flame Wave        |       |       |     2 |       ||     2
         Sticky Flame      |       |       |     1 |     2 ||     3
         Airstrike         |       |       |       |    91 ||    91
    Use: Scroll            |       |       |     7 |    13 ||    20
         Potion            |       |       |     1 |       ||     1
 Armour: Robe              |       |       |     3 |     1 ||     4
  Dodge: Dodged            |     2 |     1 |    11 |    20 ||    34
  Block: Buckler           |       |       |       |    14 ||    14
